 Dungeon Crawl Stone Soup version 0.31-a0-174-g85c54bcb58 (webtiles) character file.

Game seed: 11615257918818338183

3169 qw the Skirmisher (level 9, -1/59 HPs)
             Began as a Gargoyle Hunter on June 15, 2023.
             Slain by a skeletal warrior
             ... wielding a +0 war axe
              (23 damage)
             ... on level 8 of the Dungeon on June 16, 2023.
             The game lasted 00:02:28 (6271 turns).

qw the Skirmisher (Gargoyle Hunter)                 Turns: 6271, Time: 00:02:28

Health: -1/59      AC: 14    Str: 21    XL:     9   Next: 94%
Magic:  9/9        EV: 13    Int: 10    God:
Gold:   203        SH:  0    Dex: 17    Spells: 8/8 levels left

rFire   . . .        Y - +1 orcbow
rCold   . . .        (shield currently unavailable)
rNeg    + . .        s - +0 steam dragon scales
rPois   inf          (no helmet)
rElec   +            (no cloak)
rCorr   .            o - +0 pair of gloves
SInv    .            m - +0 pair of boots
Will    .....        n - amulet of faith
Stlth   ++           c - +6 ring of strength
HPRegen 0.29/turn    j - +4 ring of slaying {mikee}
MPRegen 0.11/turn

%: faith
@: no status effects
A: sickness immunity, AC +6, negative energy resistance 1, electricity
resistance, torment resistance 1, petrification resistance, talons 1
a: no special abilities


You were on level 8 of the Dungeon.
You visited 2 branches of the dungeon, and saw 9 of its levels.

You collected 311 gold pieces.
You spent 108 gold pieces at shops.


Innate Abilities, Weirdness & Mutations

You are immune to sickness and miasma.
Your stone body is resilient. (AC +6)
You are immune to poison.
You resist negative energy. (rN+)
You are resistant to electric shocks. (rElec)
You are resistant to unholy torment.
You are immune to petrification.
You have sharp toenails.


   Skills:
 - Level 8.0 Fighting
 + Level 11.5 Ranged Weapons
 - Level 3.0 Armour
 - Level 3.0 Dodging
 - Level 1.1 Stealth


You had 8 spell levels left.
You didn't know any spells.
Your spell library was empty.

Inventory:

Hand Weapons
 Y - a +1 orcbow (weapon)
Armour
 m - a +0 pair of boots (worn)
 o - a +0 pair of gloves (worn)
 s - +0 steam dragon scales (worn)
Jewellery
 c - a +6 ring of strength (left hand)
 h - a ring of positive energy
 j - a +4 ring of slaying (right hand) {mikee}
 l - a ring of resist corrosion
 n - an amulet of faith (around neck)
Wands
 b - a wand of digging (2)
Scrolls
 a - 2 scrolls of identify
Potions
 d - 2 potions of mutation
 e - 2 potions of magic
 f - 4 potions of lignification
 g - 3 potions of curing
 i - a potion of attraction
 k - a potion of cancellation
 u - a potion of invisibility {unknown}

Dungeon Overview and Level Annotations

Branches:
Dungeon (8/15)             Temple (1/1) D:6
   Lair: D:8-11

Altars:
Ashenzari
Dithmenos
Elyvilon
Fedhas
Gozag
Hepliaklqana
Kikubaaqudgha
Makhleb
Nemelex Xobeh
Qazlal
Ru
Sif Muna
Trog
Uskayaw
Wu Jian
Xom
Yredelemnul
Zin
The Shining One

Shops:
D:4 [!   D:6 (

Annotations:
D:5 2 transporters, Menkaure
D:6 2 transporters
D:7 1 runed translucent door, Crazy Yiuf


Message History

Enter note: You shoot an arrow.
The arrow closely misses the skeletal warrior.
You shoot an arrow.
The arrow hits the skeletal warrior but does no damage.
You shoot an arrow. The arrow hits the skeletal warrior.
The skeletal warrior is lightly damaged.
You shoot an arrow.
The arrow barely misses the skeletal warrior.
The skeletal warrior hits you with a +0 war axe!
You shoot an arrow.
The arrow hits the skeletal warrior but does no damage.
The skeletal warrior is lightly damaged.
The skeletal warrior misses you.
You shoot an arrow.
The arrow hits the skeletal warrior but does no damage.
The skeletal warrior is lightly damaged.
You shoot an arrow. The arrow hits the skeletal warrior!
The skeletal warrior is moderately damaged.
The skeletal warrior barely misses you.
You shoot an arrow. The arrow hits the skeletal warrior.
The skeletal warrior is moderately damaged.
The skeletal warrior barely misses you.
You shoot an arrow.
The arrow completely misses the skeletal warrior.
The skeletal warrior hits you with a +0 war axe!!
You shoot an arrow.
The arrow closely misses the skeletal warrior.
The skeletal warrior hits you with a +0 war axe.
You shoot an arrow. The arrow hits the skeletal warrior.
The skeletal warrior is moderately damaged.
The skeletal warrior hits you with a +0 war axe!
You shoot an arrow.
The arrow hits the skeletal warrior but does no damage.
The skeletal warrior is moderately damaged.
The skeletal warrior hits you with a +0 war axe!
6271 ||| DRINKING potion of heal wounds.
You feel much better.
The skeletal warrior hits you with a +0 war axe!!
You die...

##......%...#..#
#######......# .#
#.#....# ## # .#
#.#....# .## . # .#
#.#....# .. .#. .#
#.#....###. #.. ##
#......##.##.# #
#..#...##.#z##
#######.....#..#@..#
............#..#..#.#
......##....#.##.#..
....#. #....##.##...#
....# #...# . # #..
###.#. #... #. ###
...... #).. # .##...#
.#


You could see a skeletal warrior.

Vanquished Creatures
  2 steam dragons
  2 water moccasins (D:8)
  An orc warrior (D:7)
  2 sky beasts
  3 ice beasts
  3 ogres
  2 phantoms
  2 bullfrogs
  A gnoll sergeant (D:8)
  7 wights
  3 scorpions
  4 howler monkeys
  An electric eel (D:6)
  5 hounds
  3 jellies
  A gnoll bouda (D:7)
  3 orc priests
  A sleepcap (D:6)
  2 iguanas (D:5)
  5 orc wizards
  5 adders
  9 gnolls
  A shadow imp (D:6)
  A worm (D:3)
  3 dart slugs
  26 orcs
  3 ball pythons
  9 endoplasms
  3 giant cockroaches
  4 hobgoblins
  7 kobolds
  3 quokkas
  6 bats
  8 goblins
  4 rats
145 creatures vanquished.

Notes
Turn   | Place    | Note
-------+----------+-------------------------------------------
     0 | D:1      | qw the Gargoyle Hunter began the quest for the Orb.
     0 | D:1      | Reached XP level 1. HP: 12/12 MP: 1/1
     0 | D:1      | 0 ||| qw: Version: 0.2-a-29-g511e9b1
     0 | D:1      | 0 ||| qw: Game counter: 5631
     0 | D:1      | 0 ||| qw: Always use a shield: true
     0 | D:1      | 0 ||| qw: God list: Okawaru
     0 | D:1      | 0 ||| qw: Allow faded altars: false
     0 | D:1      | 0 ||| qw: Do Orc after D:15 true
     0 | D:1      | 0 ||| qw: Do second Lair branch before Depths: true
     0 | D:1      | 0 ||| qw: Lair rune preference: random
     0 | D:1      | 0 ||| qw: Plans: Normal, Zot:1-4, Slime:5, God:TSO, Crypt,
                  | Tomb, Abyss, Pan, Hells, Win
     0 | D:1      | 0 ||| PLANNING D:1-11
   156 | D:1      | Reached XP level 2. HP: 17/17 MP: 2/2
   513 | D:1      | You fall into a shaft and drop 1 floor!
   533 | D:2      | 533 ||| UPGRADING to +0 ring mail.
   543 | D:2      | 543 ||| DROPPING +0 leather armour.
   544 | D:2      | 544 ||| READING 2 scrolls labelled GUOPUEN ZIFE.
   545 | D:2      | 545 ||| DRINKING 2 emerald potions.
   546 | D:2      | 546 ||| DROPPING scroll of butterflies.
   636 | D:1      | Reached skill level 1 in Armour
   698 | D:1      | Reached XP level 3. HP: 21/21 MP: 3/3
   841 | D:1      | 841 ||| READING scroll labelled XUEDEN LANOT.
  1022 | D:2      | 1022 ||| FLEEEEING.
  1093 | D:2      | Reached skill level 5 in Ranged Weapons
  1369 | D:2      | 1369 ||| UPGRADING to +6 ring of strength.
  1370 | D:2      | 1370 ||| UPGRADING to +4 ring of slaying {mikee}.
  1371 | D:2      | 1371 ||| READING 2 scrolls labelled SIYNIS JYUMYE.
  1372 | D:2      | 1372 ||| DRINKING 3 metallic brown potions.
  1372 | D:2      | Gained mutation: You have sharp toenails. [potion of
                  | mutation]
  1373 | D:2      | 1373 ||| READING 6 scrolls of identify.
  1373 | D:2      | 1373 ||| IDENTIFYING silvery potion
  1374 | D:2      | 1374 ||| READING 5 scrolls of identify.
  1374 | D:2      | 1374 ||| IDENTIFYING amethyst potion
  1375 | D:2      | 1375 ||| READING 4 scrolls of identify.
  1375 | D:2      | 1375 ||| IDENTIFYING fizzy golden potion
  1376 | D:2      | 1376 ||| READING 3 scrolls of identify.
  1376 | D:2      | 1376 ||| IDENTIFYING fuming sapphire potion
  1377 | D:2      | 1377 ||| DROPPING scroll of blinking.
  1532 | D:3      | Reached skill level 3 in Fighting
  1532 | D:3      | Reached XP level 4. HP: 28/28 MP: 4/4
  2094 | D:3      | 2094 ||| UPGRADING to amulet of faith.
  2099 | D:3      | 2099 ||| DROPPING ring of flight.
  2100 | D:3      | 2100 ||| READING scroll labelled UTTIGE FOROURGH.
  2104 | D:3      | 2104 ||| READING scroll labelled BUFRUXUBBO.
  2105 | D:3      | 2105 ||| READING scroll labelled MIONUSCH DUTOB.
  2127 | D:4      | Reached XP level 5. HP: 27/32 MP: 5/5
  2156 | D:4      | Found a hide-covered altar of Uskayaw.
  2250 | D:4      | Found Cemommiv's Distillery.
  2260 | D:4      | 2260 ||| BUYING 2 potions of lignification (72 gold).
  2260 | D:4      | Bought 2 potions of lignification for 72 gold pieces
  2260 | D:4      | 2260 ||| SHOPLISTING potion of cancellation (96 gold, have
                  | 59).
  2260 | D:4      | 2260 ||| BUYING potion of curing (36 gold).
  2260 | D:4      | Bought a potion of curing for 36 gold pieces
  2260 | D:4      | 2260 ||| SHOPLISTING potion of curing (36 gold, have 23).
  2260 | D:4      | 2260 ||| SHOPLISTING potion of might (48 gold, have 23).
  2260 | D:4      | 2260 ||| SHOPLISTING potion of mutation (96 gold, have 23).
  2293 | D:4      | Found Enluigim's Armour Emporium.
  2304 | D:4      | 2304 ||| SHOPLISTING +0 helmet (54 gold, have 23).
  2304 | D:4      | 2304 ||| SHOPLISTING +6 leather armour "Toitiext" {Will+
                  | Str+3} (610 gold, have 23).
  2342 | D:4      | Reached skill level 6 in Ranged Weapons
  2452 | D:4      | Reached XP level 6. HP: 31/38 MP: 6/6
  3203 | D:4      | 3203 ||| UPGRADING to +0 pair of boots.
  3208 | D:4      | 3208 ||| READING scroll labelled WETENU YBO GAA.
  3209 | D:4      | 3209 ||| READING 3 scrolls of identify.
  3209 | D:4      | 3209 ||| IDENTIFYING clear potion
  3210 | D:4      | 3210 ||| READING 2 scrolls of identify.
  3210 | D:4      | 3210 ||| IDENTIFYING blue potion
  3211 | D:4      | 3211 ||| DROPPING potion of ambrosia.
  3212 | D:4      | 3212 ||| DROPPING potion of brilliance.
  3241 | D:5      | Entered Level 5 of the Dungeon
  3277 | D:5      | Noticed an ice beast
  3289 | D:5      | Killed an ice beast
  3305 | D:5      | 3305 ||| FLEEEEING.
  3306 | D:5      | 3306 ||| FLEEEEING.
  3308 | D:5      | 3308 ||| STAIRDANCE
  3357 | D:4      | 3357 ||| READING scroll labelled UTESOU XEFITZ.
  3398 | D:5      | Reached skill level 7 in Ranged Weapons
  3413 | D:5      | Reached XP level 7. HP: 43/43 MP: 7/7
  3467 | D:5      | HP: 7/43 [acid (12)]
  3469 | D:5      | Reached skill level 8 in Ranged Weapons
  3614 | D:5      | Found a transporter.
  3620 | D:5      | Found a transporter.
  3741 | D:5      | Reached XP level 8. HP: 41/49 MP: 8/8
  3892 | D:5      | Found an ancient bone altar of Kikubaaqudgha.
  3892 | D:5      | Noticed a wraith
  3894 | D:5      | Noticed Menkaure
  3896 | D:5      | Found a basalt altar of Yredelemnul.
  3897 | D:5      | Noticed a wraith
  3914 | D:5      | Noticed a vampire
  3989 | D:5      | 3989 ||| UPGRADING to +0 pair of gloves.
  3994 | D:5      | 3994 ||| READING scroll labelled HUKLOA XUINOLL.
  3995 | D:5      | 3995 ||| READING 2 scrolls of identify.
  3995 | D:5      | 3995 ||| IDENTIFYING orange potion
  3996 | D:5      | 3996 ||| DROPPING potion of enlightenment.
  4045 | D:6      | Found Civoh's Weapon Shop.
  4052 | D:6      | 4052 ||| SHOPLISTING +1 longbow of draining (280 gold, have
                  | 104).
  4052 | D:6      | 4052 ||| SHOPLISTING +2 orcbow of freezing (274 gold, have
                  | 104).
  4125 | D:6      | Reached skill level 9 in Ranged Weapons
  4174 | D:6      | Reached skill level 6 in Fighting
  4297 | D:6      | Found a transporter.
  4349 | D:6      | Found a transporter.
  4373 | D:6      | Found a burning altar of Makhleb.
  4379 | D:6      | Reached skill level 10 in Ranged Weapons
  4402 | D:6      | Found a staircase to the Ecumenical Temple.
  4403 | D:6      | 4403 ||| PLANNING TEMPLE
  4410 | Temple   | Entered the Ecumenical Temple
  4557 | Temple   | 4557 ||| PLANNING D:1-11
  4882 | D:7      | Reached skill level 3 in Armour
  4882 | D:7      | Reached XP level 9. HP: 55/55 MP: 9/9
  4886 | D:7      | 4886 ||| STAIRDANCE
  4896 | D:6      | HP: 9/55 [wight/+1 flail (6)]
  4898 | D:6      | HP: 4/55 [wight/+1 flail (4)]
  4906 | D:6      | HP: 1/55 [sleepcap (4)]
  4910 | D:6      | Reached skill level 3 in Dodging
  5158 | D:7      | 5158 ||| DRINKING 4 potions of curing.
  5158 | D:7      | 5158 ||| (to cure confusion)
  5247 | D:7      | 5247 ||| FLEEEEING.
  5248 | D:7      | 5248 ||| FLEEEEING.
  5249 | D:7      | 5249 ||| FLEEEEING.
  5250 | D:7      | 5250 ||| FLEEEEING.
  5251 | D:7      | 5251 ||| FLEEEEING.
  5252 | D:7      | 5252 ||| FLEEEEING.
  5253 | D:7      | 5253 ||| FLEEEEING.
  5254 | D:7      | 5254 ||| FLEEEEING.
  5255 | D:7      | 5255 ||| FLEEEEING.
  5256 | D:7      | 5256 ||| FLEEEEING.
  5257 | D:7      | 5257 ||| FLEEEEING.
  5258 | D:7      | 5258 ||| FLEEEEING.
  5259 | D:7      | 5259 ||| FLEEEEING.
  5260 | D:7      | 5260 ||| FLEEEEING.
  5261 | D:7      | 5261 ||| STAIRDANCE
  5321 | D:7      | 5321 ||| Stepping ~*~*~tactically~*~*~ (outnumbered).
  5437 | D:7      | 5437 ||| UPGRADING to +0 orcbow.
  5438 | D:7      | 5438 ||| DROPPING +0 shortbow of flaming.
  5561 | D:7      | 5561 ||| Stepping ~*~*~tactically~*~*~ (cloud).
  5640 | D:7      | 5640 ||| FLEEEEING.
  5641 | D:7      | 5641 ||| FLEEEEING.
  5648 | D:7      | 5648 ||| Stepping ~*~*~tactically~*~*~ (outnumbered).
  5650 | D:7      | 5650 ||| Stepping ~*~*~tactically~*~*~ (outnumbered).
  5654 | D:7      | Reached skill level 11 in Ranged Weapons
  5850 | D:7      | Found a runed translucent door.
  5851 | D:7      | Noticed Crazy Yiuf
  5880 | D:7      | 5880 ||| UPGRADING to +0 steam dragon scales.
  5890 | D:7      | 5890 ||| DROPPING +0 ring mail.
  5891 | D:7      | 5891 ||| READING scroll labelled QYUCKY GEBLE.
  5992 | D:7      | 5992 ||| READING scroll labelled NYLOGI BAZXUGAEL.
  5993 | D:7      | 5993 ||| READING 2 scrolls of identify.
  5993 | D:7      | 5993 ||| IDENTIFYING pink potion
  6028 | D:8      | Found a shimmering altar of Xom.
  6199 | D:8      | Found a white marble altar of Elyvilon.
  6258 | D:8      | Noticed a skeletal warrior
  6270 | D:8      | HP: 2/59 [skeletal warrior/+0 war axe (13)]
  6271 | D:8      | 6271 ||| DRINKING potion of heal wounds.
  6271 | D:8      | Slain by a skeletal warrior

Levels and vault maps discovered:
D:1:      minmay_arrival_four_circles, layout_basic, minmay_misc_feat_ornament,
          hangedman_decor_points
D:2:      layout_basic, hangedman_decor_riveting, dk_noncrumbling_4
D:3:      layout_basic
D:4:      layout_layer_cave, nicolae_uskayaw_dance_hall, serial_shops,
          nicolae_shop_tiny_glass, nicolae_shop_waterfront
D:5:      layout_rooms, gammafunk_temple_of_torment
D:6:      gammafunk_steamed_eel, layout_gridville, lightli_temple_of_fire,
          temple_green, serial_shops, shop, minivault_4,
          ebering_dispersal_statue_hall
D:7:      layout_cave_pools, minmay_misc_feat_alley, uniq_crazy_yiuf_cottage
D:8:      minmay_ornate_pinched, layout_basic, xom_teletrap_fun,
          lemuel_tele_altar, kennysheep_slug_shrine, dk_noncrumbling_3
Temple:   hellmonk_temple_forest_ring

Skill      XL: |  1  2  3  4  5  6  7  8  9 |
---------------+----------------------------+-----
Armour         | 1 2 3 |  3.0
Ranged Weapons | 5 6 7 8 10 11 | 11.5
Fighting       | 3 4 5 6 8 |  8.0
Dodging        | 2 3 |  3.0
Stealth        | |  1.1

Action                     |  1- 3 |  4- 6 |  7- 9 || total
---------------------------+-------+-------+-------++-------
   Fire: Shortbow          |    83 |    93 |   242 ||   418
         Orcbow            |       |       |   106 ||   106
    Use: Scroll            |     7 |     7 |     5 ||    19
         Potion            |     2 |       |     2 ||     4
 Armour: Leather armour    |     3 |       |       ||     3
         Ring mail         |     7 |    11 |    54 ||    72
         Steam dragon scal |       |       |     8 ||     8
  Dodge: Dodged            |    12 |    20 |    90 ||   122

Table legend:
 A = Non-vault XP
 B = Vault XP
 C = Vault XP percentage of total XP
 D = Non-vault monster count
 E = Vault monster count
 F = Vault count percentage of total count
                 A         B        C        D         E       F
            +---------+---------+-------+---------+---------+-------
      Total |    4276 |     252 |   5.6 |     143 |       2 |   1.4
            +---------+---------+-------+---------+---------+-------
        D:1 |      34 |       0 |   0.0 |      20 |       0 |   0.0
        D:2 |      33 |       0 |   0.0 |      10 |       0 |   0.0
        D:3 |      53 |       0 |   0.0 |      20 |       0 |   0.0
        D:4 |     238 |       0 |   0.0 |      14 |       0 |   0.0
        D:5 |    1029 |       0 |   0.0 |      25 |       0 |   0.0
        D:6 |    1081 |       0 |   0.0 |      20 |       0 |   0.0
        D:7 |    1337 |       0 |   0.0 |      26 |       0 |   0.0
        D:8 |     471 |     252 |  34.9 |       8 |       2 |  20.0
            +---------+---------+-------+---------+---------+-------
